Cogmind - Beta 13 *** ADVENTURER MODE // 2024.04.21 @ 22:19:42 Player: XorOwl Result: Destroyed by G-47 Trooper with Particle Gun Performance ------------- Evolutions (3) 1500 Regions Visited (8) 1600 Robots Destroyed (119) 595 Value Destroyed (5830) 5830 Prototype IDs (9) 180 Alien Tech Used (0) 0 Bonus (2382) 2382 TOTAL SCORE: 12087 Bonus ------- High Alert Combat Kills 1437 Follower Combat Kills 445 Entered Garrisons 200 Aligned with FarCom 300 Cogmind --------- Core Integrity 0/700 Matter 285/300 Energy 100/100 System Corruption 2% Temperature Cool (42) Movement Walking (120) Location -7/Factory Parts ------- > --- POWER (1) -------- Backup Power I > --- PROPULSION (3) --- Aluminum Leg Carbon-fiber Leg Carbon-fiber Leg > --- UTILITY (7) ------ Improved Cooling System Medium Storage Unit Improved Signal Interpreter Transport Network Coupler Advanced Targeting Computer Core Analyzer > --- WEAPON (2) ------- Dispersion Rifle Scythe > --- INVENTORY (10) --- Improved Terrain Scanner Improved Phase Shifter Improved Cloaking Device Relay Coupler [NC] (39) Relay Coupler [Grunt] (39) Relay Coupler [Sentry] (30) Relay Coupler [Hunter] (23) Skeleton Box Heavy Missile Launcher Peak State ------------ > --- POWER ------------ Improved Deuterium Engine > --- PROPULSION ------- Advanced VSS Leg Advanced VSS Leg Advanced VSS Leg > --- UTILITY ---------- Medium Storage Unit Improved Signal Interpreter Transport Network Coupler Targeting Computer Core Analyzer Utility Shielding Hacking Suite > --- WEAPON ----------- Mass Driver Enhanced Gauss Cannon > --- INVENTORY -------- Advanced VSS Leg Improved Cooling System Improved Terrain Scanner Relay Coupler [NC] Relay Coupler [Grunt] Relay Coupler [Sentry] Relay Coupler [Hunter] Skeleton Box Heavy Missile Launcher Scythe [Rating: 55] Favorites ----------- Power Cooled Ion Engine Engine Cooled Ion Engine Power Core Light Nuclear Core Reactor Antimatter Reactor Propulsion Light Treads Treads Light Treads Leg Aluminum Leg Wheel Compact Wheel Flight Unit Improved Cesium-ion Thruster Utility Improved Signal Interpreter Device Improved Cooling System Storage Medium Storage Unit Processor Improved Signal Interpreter Hackware Hacking Suite Protection Utility Shielding Weapon Light Assault Rifle Energy Gun Dispersion Rifle Energy Cannon Heavy Particle Cannon Ballistic Gun Light Assault Rifle Ballistic Cannon Enhanced Gauss Cannon Launcher Rocket Launcher Slashing Weapon Scythe Build | -11 -10 -10 -10 -9 -8 -7 -7 -7 ------- Run | Yrd Mat Min Exi Min Mat Fac Gar Fac Slots Evolved 6 | . . . . . 4 2 . . Power . | . . . . . . . . . Propulsion 1 | . . . . . 1 . . . Utility 5 | . . . . . 3 2 . . Weapon . | . . . . . . . . . Parts Attached 110 | 8 4 4 . . 36 13 35 10 Power 9 | 1 3 . . . 1 . 3 1 Engine 7 | 1 2 . . . 1 . 2 1 Core 1 | . 1 . . . . . . . Reactor 1 | . . . . . . . 1 . Propulsion 39 | 3 . 1 . . 13 5 12 5 Treads 6 | 2 . 1 . . 2 1 . . Leg 31 | . . . . . 11 3 12 5 Wheel 1 | 1 . . . . . . . . Hover . | . . . . . . . . . Flight 1 | . . . . . . 1 . . Utility 30 | 2 1 1 . . 11 6 8 1 Device 16 | 1 1 . . . 6 3 5 . Storage 2 | 1 . . . . 1 . . . Processor 6 | . . 1 . . 1 1 2 1 Hackware 2 | . . . . . 1 1 . . Protection 4 | . . . . . 2 1 1 . Artifact . | . . . . . . . . . Weapon 32 | 2 . 2 . . 11 2 12 3 Energy Gun 6 | . . . . . 2 . 3 1 Energy Cannon 3 | . . . . . 2 . . 1 Ballistic Gun 12 | 2 . . . . 5 2 3 . Ballistic Cannon 2 | . . . . . . . 2 . Launcher 6 | . . 2 . . 2 . 2 . Special Weapon . | . . . . . . . . . Impact Weapon . | . . . . . . . . . Slashing Weapon 3 | . . . . . . . 2 1 Piercing Weapon . | . . . . . . . . . Special Melee Weapon . | . . . . . . . . . Unidentified Prototypes 6 | . 1 . . . 4 1 . . Parts Lost 28 | . . . . . 5 1 16 6 Power 4 | . . . . . 1 . 2 1 Propulsion 10 | . . . . . 3 1 4 2 Utility 6 | . . . . . . . 4 2 Weapon 8 | . . . . . 1 . 6 1 Highest Loss Streak 8 | . . . . . 1 1 8 4 To Critical Strikes 1 | . . . . . . . 1 . Average Slot Usage (%) 98 | . 99 100 100 100 97 97 97 94 Engine 7 | . 4 14 14 14 9 7 4 . Reactor 1 | . . . . . . . 2 5 Treads 9 | . 28 28 28 28 6 . . . Leg 14 | . . . . . 19 20 21 18 Device 7 | . 13 8 . . 9 6 5 15 Storage 9 | . 14 14 14 14 9 7 7 7 Processor 17 | . . 5 14 14 14 22 26 23 Hackware 5 | . . . . . 9 12 7 . Protection 2 | . . . . . 2 2 4 6 Energy Gun 1 | . . . . . 1 . 2 6 Ballistic Gun 11 | . 28 15 14 14 12 15 5 . Launcher 3 | . . 12 14 14 . . 1 . Naked Turns . | . . . . . . . . . Heaviest Build 43 | 13 16 19 18 18 26 27 43 42 Greatest Support 60 | 40 40 40 40 40 60 43 54 45 Greatest Overweight (x) 2 | 2 . . . . 2 . 1 1 Average Overweight (x) . | . . . . . . . . . Largest Inventory Capacity 10 | 8 8 8 8 8 10 10 10 10 Average Capacity 9 | 7 8 8 8 8 9 10 10 10 Most Carried 10 | . 8 8 8 8 10 10 10 10 Average Carried 8 | . 5 7 7 8 8 9 9 9 Final Capacity 10 | 8 8 8 8 8 10 10 10 10 Final Carried 10 | . 8 8 8 8 10 10 9 9 Class Distribution -------------------- 34% | Mutant 30% | Scavenger-Mutant 25% | Hacker-Mutant 9% | Hacker-Skirmisher Dominant Class ---------------- Mutant | -10/Materials Mutant | -10/Mines Mutant | -10/Exiles Mutant | -9/Mines Scavenger-Mutant | -8/Materials Hacker-Mutant | -7/Factory Scavenger-Mutant | -7/Garrison Scavenger-Mutant | -7/Factory Resources | -11 -10 -10 -10 -9 -8 -7 -7 -7 ----------- Run | Yrd Mat Min Exi Min Mat Fac Gar Fac Matter Collected 3218 | 288 70 66 . . 836 382 1440 136 Remotely . | . . . . . . . . . Salvage Created 4793 | 124 310 . . . 1927 418 1285 729 Parts 258 | 6 28 . . . 98 32 63 31 Haulers Intercepted 3 | . 1 . . . 1 1 . . Recyclers Shooed 2 | . 1 . . . 1 . . . Parts Field Recycled . | . . . . . . . . . Retrieved Matter . | . . . . . . . . . Parts Self-Destructed . | . . . . . . . . . Prevented . | . . . . . . . . . Kills | -11 -10 -10 -10 -9 -8 -7 -7 -7 ------- Run | Yrd Mat Min Exi Min Mat Fac Gar Fac Combat Hostiles Destroyed 97 | . 5 . . . 39 9 31 13 Melee 5 | . . . . . . . 2 3 Guns 71 | . 5 . . . 26 9 26 5 Cannons 16 | . . . . . 11 . 1 4 AOE 3 | . . . . . 1 . 2 . Classes Destroyed 18 | 2 4 . . . 7 1 3 1 Worker 3 | . . . . . 2 1 . . Builder 1 | . . . . . 1 . . . Tunneler 1 | 1 . . . . . . . . Hauler 3 | . 1 . . . 1 1 . . Recycler 4 | 1 1 . . . 2 . . . Mechanic 1 | . . . . . . . . 1 Operator 1 | . . . . . 1 . . . Watcher 8 | . 2 . . . 3 2 1 . Swarmer 19 | . 3 . . . 8 6 2 . Cutter 2 | . . . . . . . 2 . Grunt 49 | . 2 . . . 22 . 16 9 Brawler 1 | . . . . . . . 1 . Duelist 5 | . . . . . 1 . 3 1 Protector 1 | . . . . . 1 . . . Sentry 8 | . . . . . 6 . 1 1 Specialist 2 | . . . . . . . 2 . Hunter 6 | . . . . . 1 . 4 1 Programmer 4 | . . . . . . 3 . 1 Best Kill Streak 9 | 1 3 . . . 9 4 4 4 Combat Bots Only 8 | . 3 . . . 8 3 4 4 Max Kills in Single Turn 2 | 1 1 . . . 2 2 2 1 Gunslinging . | . . . . . . . . . Exploded 2 | . . . . . 1 . 2 . Melee 1 | . . . . . . . 1 1 Uniques/NPCs Destroyed . | . . . . . . . . . Combat | -11 -10 -10 -10 -9 -8 -7 -7 -7 -------- Run | Yrd Mat Min Exi Min Mat Fac Gar Fac Hostile Shots Fired 704 | . 39 . . . 210 40 282 133 Missed 181 | . 8 . . . 54 9 77 33 Damage Taken 5765 | . 242 . . . 1702 385 2457 979 Core 961 | . 28 . . . 226 . 500 207 Absorbed by Shields . | . . . . . . . . . Redirected to Shielding 50 | . . . . . . . 36 14 Ignored by Resistances 1690 | . 75 . . . 497 111 718 289 Core Remaining (%) 82 | 100 . . . 88 58 . . . Volleys Fired 385 | 4 28 . . . 131 33 161 28 Largest 2 | 2 2 . . . 2 2 2 2 Hottest 163 | 40 40 . . . 138 53 114 163 Shots Fired 709 | 8 56 . . . 245 66 279 55 Gun 544 | 8 56 . . . 170 66 216 28 Cannon 147 | . . . . . 73 . 47 27 Launcher 18 | . . . . . 2 . 16 . Special . | . . . . . . . . . Kinetic 451 | 8 56 . . . 119 66 202 . Thermal 240 | . . . . . 124 . 61 55 Explosive 18 | . . . . . 2 . 16 . Electromagnetic . | . . . . . . . . . Robot Hit Streak 29 | 7 12 . . . 29 13 21 13 Robot Miss Streak 3 | . 3 . . . 3 3 3 2 Penetration Max 1 | . . . . . 1 1 1 . Secondary Targets 11 | . 1 . . . 4 1 5 . Max Gunslinging Chain 1 | . 1 . . . 1 1 1 . Shots Hit Robots 478 | 7 36 . . . 192 50 140 53 Core Hits 231 | 4 18 . . . 92 24 71 22 Critical Kills 4 | . . . . . 1 . 1 2 Critical Parts Destroyed 2 | . 1 . . . . . 1 . Critical Strikes 14 | . 1 . . . 3 . 6 4 Burn 3 | . . . . . 2 . 1 . Meltdown 1 | . . . . . 1 . . . Destroy 5 | . 1 . . . . . 2 2 Blast 3 | . . . . . . . 3 . Sever 2 | . . . . . . . . 2 Melee Attacks 18 | . . . . . . . 9 9 Impact . | . . . . . . . . . Slashing 18 | . . . . . . . 9 9 Piercing . | . . . . . . . . . Sneak Attacks 1 | . . . . . . . . 1 Combat Hostiles . | . . . . . . . . . Follow-up Attacks . | . . . . . . . . . Damage Inflicted 10043 | 57 296 . . . 3840 995 3373 1482 Guns 6547 | 57 296 . . . 2178 995 2330 691 Cannons 2393 | . . . . . 1411 . 503 479 Explosions 696 | . . . . . 251 . 445 . Melee 407 | . . . . . . . 95 312 Ramming . | . . . . . . . . . Kinetic 5033 | 57 296 . . . 1455 995 2230 . Thermal 3907 | . . . . . 2134 . 603 1170 Explosive 696 | . . . . . 251 . 445 . Electromagnetic . | . . . . . . . . . Impact . | . . . . . . . . . Slashing 407 | . . . . . . . 95 312 Piercing . | . . . . . . . . . Highest Corruption 2 | . . . . . . 1 1 2 Average Corruption 1 | . . . . . . 1 1 1 Corruption Purged . | . . . . . . . . . Corruption Blocked . | . . . . . . . . . Effects 26 | . . . . . . 4 19 3 Message Errors 4 | . . . . . . 2 1 1 Matter Fused 8 | . . . . . . 1 6 1 Heat Flow Errors 6 | . . . . . . 1 5 . Energy Discharges 3 | . . . . . . . 2 1 Parts Rejected 1 | . . . . . . . 1 . Data Loss (minor) 1 | . . . . . . . 1 . Data Loss (major) 1 | . . . . . . . 1 . Misfires 1 | . . . . . . . 1 . Weapon Failures 1 | . . . . . . . 1 . Overload Shots . | . . . . . . . . . Overflow Damage 64 | . . . . . 26 . 33 5 Projectiles 31 | . . . . . 26 . . 5 Explosions 33 | . . . . . . . 33 . Melee . | . . . . . . . . . Knockbacks 14 | . . . . . . . 14 . Impact . | . . . . . . . . . Kinetic 13 | . . . . . . . 13 . Secondary 1 | . . . . . . . 1 . Self-Inflicted Damage 41 | . . . . . . . 41 . Shots 2 | . . . . . . . 2 . Rammed . | . . . . . . . . . Targets Rammed . | . . . . . . . . . Kicked . | . . . . . . . . . Crushed . | . . . . . . . . . Highest Temperature 597 | . 15 . . . 597 120 264 76 Average Temperature 116 | . 5 . . . 180 45 63 45 Received Heat Transfer 2385 | . 96 . . . 1080 . 684 525 Effects 16 | . . . . . 16 . . . Shutdowns 3 | . . . . . 3 . . . Energy Bleed 2 | . . . . . 2 . . . Interference 3 | . . . . . 3 . . . Matter Decay 2 | . . . . . 2 . . . Short Circuit 2 | . . . . . 2 . . . Damage (minor) 2 | . . . . . 2 . . . Damage (major) 2 | . . . . . 2 . . . Siege Activations . | . . . . . . . . . Robots Corrupted . | . . . . . . . . . Combat Hostiles . | . . . . . . . . . Parts Fried . | . . . . . . . . . Impact Corruptions . | . . . . . . . . . Robots Melted 2 | . . . . . 1 . . 1 Combat Hostiles 2 | . . . . . 1 . . 1 Parts Melted 16 | . . . . . 8 . 3 5 Heat Transferred 6426 | . . . . . 3559 . 1239 1628 Parts Sabotaged . | . . . . . . . . . Parts Stolen . | . . . . . . . . . Parts Stripped . | . . . . . . . . . Power Chain Reactions . | . . . . . . . . . Alert | -11 -10 -10 -10 -9 -8 -7 -7 -7 ------- Run | Yrd Mat Min Exi Min Mat Fac Gar Fac Peak Influence 2289 | 10 112 3 . . 765 246 2289 1283 Initial 1041 | . 5 3 . . . 189 57 1041 Average 589 | 5 51 1 . . 507 130 1081 1146 Maximum Alert Level 5 | . . . . . 3 1 5 4 Low Security (%) 43 | 100 100 100 . 100 20 95 8 . Level 1 6 | . . . . . 8 4 10 . Level 2 13 | . . . . . 45 . 11 . Level 3 12 | . . . . . 25 . 14 25 Level 4 16 | . . . . . . . 34 74 Level 5 7 | . . . . . . . 19 . High Security . | . . . . . . . . . Max Security . | . . . . . . . . . Squads Dispatched 18 | . . 1 . . 9 3 . 5 Investigation 5 | . . 1 . . 1 . . 3 Extermination 4 | . . . . . . 3 . 1 Reinforcement 3 | . . . . . 3 . . . Assault 3 | . . . . . 2 . . 1 Garrison 3 | . . . . . 3 . . . Intercept . | . . . . . . . . . Searches Triggered . | . . . . . . . . . Construction Impeded 1 | . . . . . 1 . . . Haulers Reinforced . | . . . . . . . . . Active Scanning Responses . | . . . . . . . . . Cargo Convoy Interrupts . | . . . . . . . . . Stealth | -11 -10 -10 -10 -9 -8 -7 -7 -7 --------- Run | Yrd Mat Min Exi Min Mat Fac Gar Fac Distress Signals 4 | . . . . . 3 1 . . Communications Jammed . | . . . . . . . . . Distress Signals . | . . . . . . . . . Times Spotted 142 | . 10 . . . 51 13 45 23 Peak Tracking Total 8 | . 3 . . . 6 4 5 8 Tactical Retreats 5 | . . . . . 3 . 1 1 Traps | -11 -10 -10 -10 -9 -8 -7 -7 -7 ------- Run | Yrd Mat Min Exi Min Mat Fac Gar Fac Traps Triggered 5 | . . . . . 1 1 3 . Indirectly . | . . . . . . . . . Trap Hack Attempts . | . . . . . . . . . Triggered . | . . . . . . . . . Disarmed . | . . . . . . . . . Reprogrammed . | . . . . . . . . . Reused . | . . . . . . . . . Traps Extracted . | . . . . . . . . . Installed . | . . . . . . . . . Triggered . | . . . . . . . . . Machines | -11 -10 -10 -10 -9 -8 -7 -7 -7 ---------- Run | Yrd Mat Min Exi Min Mat Fac Gar Fac Machines Disabled 12 | . . . . . 3 . 9 . Max in Single Turn 2 | . . . . . 1 . 2 . Garrison Access 1 | . . . . . 1 . . . Garrison Relay 6 | . . . . . . . 6 . Phase Generator 1 | . . . . . . . 1 . Machines Repaired . | . . . . . . . . . Machines Dismantled . | . . . . . . . . . Machines Sabotaged . | . . . . . . . . . Overloaded Fab Kills . | . . . . . . . . . Hacking | -11 -10 -10 -10 -9 -8 -7 -7 -7 --------- Run | Yrd Mat Min Exi Min Mat Fac Gar Fac Machines Accessed 24 | . 8 1 . . 6 4 2 3 Terminals 19 | . 8 . . . 4 3 2 2 Fabricators . | . . . . . . . . . Repair Stations . | . . . . . . . . . Recycling Units 1 | . . . . . 1 . . . Scanalyzers . | . . . . . . . . . Garrison Access 3 | . . . . . 1 1 . 1 Total Hacks 71 | . 32 1 . . 16 11 4 7 Successful 40 | . 20 1 . . 11 5 2 1 Failed 31 | . 12 . . . 5 6 2 6 Catastrophic 2 | . 1 . . . . . 1 . Database Lockouts . | . . . . . . . . . Manual 56 | . 31 . 1 . 13 5 1 5 Terminals 62 | . 32 . . . 12 9 4 5 Fabricators . | . . . . . . . . . Repair Stations . | . . . . . . . . . Recycling Units 3 | . . . . . 3 . . . Scanalyzers . | . . . . . . . . . Garrison Access 5 | . . . . . 1 2 . 2 Terminal Hacks 20 | . 12 1 . . 3 2 2 . Robot Schematic 1 | . 1 . . . . . . . Robot Analysis 1 | . . . . . . 1 . . Prototype ID Bank 2 | . 2 . . . . . . . Open Door 1 | . . 1 . . . . . . Branch Access Points 1 | . 1 . . . . . . . Emergency Access Points 1 | . . . . . . . 1 . Terminal Index 2 | . 1 . . . 1 . . . Alert Level 3 | . 2 . . . . 1 . . Locate Traps 1 | . 1 . . . . . . . Patrol Status 1 | . 1 . . . . . . . Zone Layout 5 | . 3 . . . 2 . . . Security Stations 1 | . . . . . . . 1 . Fabricator Hacks . | . . . . . . . . . Repair Station Hacks . | . . . . . . . . . Recycling Unit Hacks 2 | . . . . . 2 . . . Report Inventory 1 | . . . . . 1 . . . Retrieve Components 1 | . . . . . 1 . . . Scanalyzer . | . . . . . . . . . Garrison Access Hacks 2 | . . . . . 1 1 . . Unlock Access 1 | . . . . . . 1 . . Coupler Status 1 | . . . . . 1 . . . Unauthorized Hacks 16 | . 8 . . . 5 2 . 1 Terminals 15 | . 8 . . . 4 2 . 1 Botnet 15 | . 8 . . . 4 2 . 1 Fabricators . | . . . . . . . . . Repair Stations . | . . . . . . . . . Recycling Units 1 | . . . . . 1 . . . Reject 1 | . . . . . 1 . . . Scanalyzers . | . . . . . . . . . Garrison Access . | . . . . . . . . . Data Cores Recovered . | . . . . . . . . . Used . | . . . . . . . . . Hacking Detections 21 | . 8 . . . 4 4 2 3 Full Trace Events 6 | . 2 . . . . . 1 3 Feedback Events . | . . . . . . . . . Feedback Blocked . | . . . . . . . . . Robot Schematics Acquired 1 | . 1 . . . . . . . Robots Built . | . . . . . . . . . Authchips . | . . . . . . . . . Time . | . . . . . . . . . Total Robot Build Rating . | . . . . . . . . . Part Schematics Acquired . | . . . . . . . . . Parts Built . | . . . . . . . . . Authchips . | . . . . . . . . . Time . | . . . . . . . . . Total Part Build Rating . | . . . . . . . . . Parts Repaired . | . . . . . . . . . Time . | . . . . . . . . . Parts Recycled . | . . . . . . . . . Recycled Matter . | . . . . . . . . . Retrieved Matter . | . . . . . . . . . Retrieved Components 9 | . . . . . 9 . . . Parts Scanalyzed . | . . . . . . . . . Part Schematics Acquired . | . . . . . . . . . Parts Damaged . | . . . . . . . . . Bothacking | -11 -10 -10 -10 -9 -8 -7 -7 -7 ------------ Run | Yrd Mat Min Exi Min Mat Fac Gar Fac Used RIF Installer . | . . . . . . . . . Robots Hacked . | . . . . . . . . . Non-combat . | . . . . . . . . . Combat . | . . . . . . . . . Robot Hacks Applied . | . . . . . . . . . Relay Couplers Released 27 | . . . . . 2 . 25 . Machine Destruction 27 | . . . . . 2 . 25 . Fabnet Peak Effective % . | . . . . . . . . . Robots Rewired . | . . . . . . . . . Allies Hacked . | . . . . . . . . . Hacks Repelled . | . . . . . . . . . Allies | -11 -10 -10 -10 -9 -8 -7 -7 -7 -------- Run | Yrd Mat Min Exi Min Mat Fac Gar Fac Total Allies 2 | . . . . . . . 2 . Largest Group 2 | . . . . . . . 2 . Highest-Rated Group 190 | . . . . . . . 190 . Highest-Rated Ally 95 | . . . . . . . 95 . Total Orders . | . . . . . . . . . Ally Attacks 31 | . . . . . . . 31 . Total Damage 1132 | . . . . . . . 1132 . Kills 13 | . . . . . . . 13 . Allies Corrupted . | . . . . . . . . . Allies Melted . | . . . . . . . . . Intel | -11 -10 -10 -10 -9 -8 -7 -7 -7 ------- Run | Yrd Mat Min Exi Min Mat Fac Gar Fac Robot Analysis Total 1 | . . . . . . 1 . . Derelict Logs Recovered 2 | . . 2 . . . . . . Drone Launches . | . . . . . . . . . Drone Recoveries . | . . . . . . . . . Exploration | -11 -10 -10 -10 -9 -8 -7 -7 -7 ------------- Run | Yrd Mat Min Exi Min Mat Fac Gar Fac Turns Passed 8779 | 113 873 757 850 63 1686 1114 2810 513 Spaces Moved 5096 | 60 447 466 531 32 749 646 1925 240 Core 6 | 6 . . . . . . . . Treads 1720 | 54 447 466 531 32 190 . . . Legs 3370 | . . . . . 559 646 1925 240 Wheels . | . . . . . . . . . Hover . | . . . . . . . . . Flight . | . . . . . . . . . Fastest Speed 50 | 50 160 160 160 160 120 120 90 120 Average Speed 129 | 150 160 160 160 160 132 120 107 139 Slowest Speed 260 | 160 160 160 160 160 260 120 190 190 Overloaded Moves . | . . . . . . . . . Propulsion Burnouts . | . . . . . . . . . Robots Hopped . | . . . . . . . . . Cave-ins Triggered . | . . . . . . . . . Exploration Rate (%) 46 | 5 61 97 90 8 41 15 96 7 Regions Visited 8 Branch Regions 3 Pre-discovered Areas 1 | . . 1 . . . . . . Known Exits Taken 6 | . 1 1 1 1 1 1 . . Unknown Exits Taken 1 | 1 . . . . . . . . Scrap Searched 3 | . . 2 . 1 . . . . Spaces Dug 68 | . . . . . . . 68 . Terrain Destroyed 244 | . . . . . 25 . 219 . Melee . | . . . . . . . . . Projectile 26 | . . . . . 13 . 13 . AOE 218 | . . . . . 12 . 206 . Terrain Rammed . | . . . . . . . . . Walls Destroyed . | . . . . . . . . . Machines Disabled . | . . . . . . . . . Actions | -11 -10 -10 -10 -9 -8 -7 -7 -7 --------- Run | Yrd Mat Min Exi Min Mat Fac Gar Fac Total 6572 | 73 562 478 532 44 1216 937 2380 350 Wait 864 | 1 68 . . 13 269 227 226 60 Move 5089 | 59 446 465 530 31 748 646 1924 240 Hop . | . . . . . . . . . Pick Up 36 | . 10 4 1 . 8 8 5 . Fast Attach 51 | 8 2 1 . . 15 3 16 6 Attach 16 | . 1 . . . 7 3 4 1 Detach 7 | . 1 . . . 4 . 1 1 Swap 43 | . 1 3 . . 14 7 15 3 Drop 58 | 1 5 5 1 . 20 10 14 2 Fire 385 | 4 28 . . . 131 33 161 28 Melee 18 | . . . . . . . 9 9 Ram . | . . . . . . . . . Kick . | . . . . . . . . . Crush . | . . . . . . . . . Escape Stasis 4 | . . . . . . . 4 . Rewire 1 | . . . . . . . 1 . Trap . | . . . . . . . . . Miscellaneous . | . . . . . . . . . Route ------- -11/Scrapyard -10/Materials (discovered 3 exits: *Mat / *Min x2) -10/Mines (discovered 3 exits: *Mat x2 / *Exi) -10/Exiles (discovered 2 exits: *Min x2) -9/Mines -8/Materials (discovered 3 exits: *Fac / *Sto x2) -7/Factory (discovered 2 exits: *Fac / Gar) -7/Garrison (discovered 3 exits: *Fac x3) -7/Factory History --------- Turn | Location | Event 29 | -11/Scrapyard | Discovered new exit (range 16) 114 | -11/Scrapyard | Entered Materials 311 | -10/Materials | Build established: Mutant 404 | -10/Materials | Discovered new exit (range 11) 404 | -10/Materials | Identified exit to Mines 635 | -10/Materials | Discovered new exit (range 8) 987 | -10/Materials | Entered Mines 992 | -10/Mines | Met a Derelict shopkeep closing up shop 1025 | -10/Mines | Met a Derelict bent on vengeance 1110 | -10/Mines | Learned 2 Materials zone layouts 1128 | -10/Mines | Received a Rocket Launcher from a helpful Derelict 1163 | -10/Mines | Learned Materials emergency access door positions 1442 | -10/Mines | Discovered new exit (range 15) 1454 | -10/Mines | Learned location of Storage (-8) 1468 | -10/Mines | Identified exit to Materials 1547 | -10/Mines | Discovered exit to Materials (range 7) 1738 | -10/Mines | Deemed a non-threat by the Exiles lab entrance 1738 | -10/Mines | Discovered new exit (range 5) 1742 | -10/Mines | Identified exit to Exiles 1744 | -10/Mines | Entered Exiles 1767 | -10/Exiles | Discovered new exit (range 15) 1786 | -10/Exiles | Met 8R-AWN 1813 | -10/Exiles | Met EX-HEX 1861 | -10/Exiles | Met EX-BIN 1884 | -10/Exiles | Aligned with FarCom system 1885 | -10/Exiles | Given EX-Vault access code 1938 | -10/Exiles | Opened EX-Vault 1945 | -10/Exiles | Found Prototype Device 1978 | -10/Exiles | Warned to stay clear of 0b10 Research branches 2023 | -10/Exiles | Met EX-DEC 2078 | -10/Exiles | Visited The Gauntlet 2364 | -10/Exiles | Discovered new exit (range 14) 2384 | -10/Exiles | Identified exit to Mines 2594 | -10/Exiles | Left Exiles lab with Skeleton Box 2594 | -10/Exiles | Entered Mines 2649 | -9/Mines | Discovered new exit (range 4) 2654 | -9/Mines | Identified exit to Materials 2657 | -9/Mines | Entered Materials 2657 | -8/Materials | Evolved 4 slots: Propulsion x1, Utility x3 2658 | -8/Materials | Identified exit to Storage 2661 | -8/Materials | Identified Skeleton Box 2933 | -8/Materials | Garrison activated, responded to threat 2948 | -8/Materials | Build established: Hacker-Skirmisher 3018 | -8/Materials | Destroyed 8 combat bots 3440 | -8/Materials | Discovered exit to Storage (range 14) 3534 | -8/Materials | Destroyed 7 combat bots 3610 | -8/Materials | Build established: Scavenger-Mutant 3921 | -8/Materials | Discovered new exit (range 16) 3970 | -8/Materials | Identified exit to Factory 4185 | -8/Materials | Build established: Hacker-Mutant 4257 | -8/Materials | First assault squad dispatched 4343 | -8/Materials | Entered Factory 4343 | -7/Factory | Evolved 2 slots: Utility x2 5433 | -7/Factory | Discovered new exit (range 4) 5437 | -7/Factory | Identified exit to Factory 5457 | -7/Factory | Identified exit to Garrison 5457 | -7/Factory | Entered Garrison 5545 | -7/Garrison | Triggered checkpoint 5603 | -7/Garrison | Garrison Relay disabled 5709 | -7/Garrison | Triggered checkpoint 5777 | -7/Garrison | Garrison Relay disabled 5855 | -7/Garrison | Learned Factory security intel 5932 | -7/Garrison | Found embedded Infiltrators 6077 | -7/Garrison | Triggered checkpoint 6121 | -7/Garrison | Discovered new exit (range 11) 6153 | -7/Garrison | Triggered checkpoint 6165 | -7/Garrison | Triggered checkpoint 6187 | -7/Garrison | Garrison Relay disabled 6321 | -7/Garrison | Triggered checkpoint 6334 | -7/Garrison | Garrison Relay disabled 6358 | -7/Garrison | Triggered checkpoint 6527 | -7/Garrison | Triggered checkpoint 6533 | -7/Garrison | Discovered new exit (range 13) 6620 | -7/Garrison | Triggered checkpoint 6667 | -7/Garrison | Build established: Scavenger-Mutant 6719 | -7/Garrison | Triggered checkpoint 6845 | -7/Garrison | Triggered checkpoint 6928 | -7/Garrison | Discovered new exit (range 10) 7051 | -7/Garrison | Identified exit to Factory 7310 | -7/Garrison | Core integrity fell below 50% 7374 | -7/Garrison | Lost 8 parts (1p2n2u3w) 7740 | -7/Garrison | Triggered checkpoint 7767 | -7/Garrison | Garrison Relay disabled 7997 | -7/Garrison | Phase Generator disabled 8267 | -7/Garrison | Entered Factory 8522 | -7/Factory | Core integrity fell below 20% 8667 | -7/Factory | First assault squad dispatched 8742 | -7/Factory | Lost 4 parts (1p1n1u1w) 8780 | -7/Factory | Destroyed by G-47 Trooper with Particle Gun Last Messages --------------- Sneak attack on R-06 Scavenger. R-06 Scavenger collects Aluminum Leg. M-13 Machinist destroyed. R-06 Scavenger collects Backup Laser I. Acquired 10 matter. R-06 Scavenger collects Backup Plating I. Acquired Backup Power I. Acquired Adv. Targeting Computer. H>7UAY3AEDLS2PDYAN MVCXUO1J> R-06 Scavenger collects Wheel. Connecting with Garrison Access... ALERT: Suspicious activity at Garrison Access F002. Dispatching Investigation squad. G-47 Trooper destroyed. K-01 Serf collects debris. Critical hit (Burn: +37). K-01 Serf collects debris. G-47 Trooper destroyed. K-01 Serf collects debris. Adv. Cryofiber Web destroyed. Map ----- +----------------------------------------------------+ | ??#??????????????????????????????????????????????? | | ?????????????????????????????????????????????????? | | #######??????????????????????????????????????????? | | #??????????????????????????????????????????? | | #??????????????????????????????????????????? | | #??????????????????????????????????????????? | | #??????????????????????????????????????????? | | #??????????????????????????????????????????? | | #??????????????????????????????????????????? | | #??????????????????????????????????????????? | | #??????????????????????????????????????????? | | #????#####?????????????????????????????????? | | ###### #?????????????????????????????????? | | / % %=#????????????????????#????????????? | | ######%"[#????####??????????? ?????????????? | | #######????##g##????# ?????????? #?????????????? | | ????????????#!#?????#* ""???????? #?????????????? | | ????????????#%#?????# "R???????? #?????????????? | | ????????????#[#?????#] " ??????? #?????????????? | | ????????????#[#?????? ?????? #?????????????? | | ???????????## ##?????? ????? #?????????????? | | ??????###### ! #########+##### #?????????????? | | ???"" + !! r[ g #?????????????? | | ??????###### ! !!! [=m #???????????????? | | ???????????#### !! ]]k%""G"" #???????????????? | | ????????? ]]!@ " " #???????????????? | | ???????? ]]%[ gg #???????????????? | | ???????? *==k g #???????????????? | | ??????? k ????????????? | | ??????# #####+########### #####???????????? | | ??????# ??? ??????????+#???????????????? | | ?????? ?? w ?????????? ???????????????? | | ?????? ?# ? ??????????? ??????????????? | | ?????? ?# ? ?????????????????????????? | | ??????? ?# ?? ????????????????????????? | | ?????????##### ?# ??? ?????????????????????????? | | ?????????????? ?# ???????????????????????????????? | | ?????????????????????????????????????????????????? | | ?????????????????????????????????????????????????? | | ?????????????????????????????????????????????????? | | ?????????????????????????????????????????????????? | | ?????????????????????????????????????????????????? | | ?????????????????????????????????????????????????? | | ?????????????????????????????????????????????????? | | ?????????????????????????????????????????????????? | | ?????????????????????????????????????????????????? | | ?????????????????????????????????????????????????? | | ?????????????????????????????????????????????????? | | ?????????????????????????????????????????????????? | | ?????????????????????????????????????????????????? | +----------------------------------------------------+ Best States ------------- Heat Dissipation 61 Energy Generation 21 Energy Capacity 325 Matter Stores 300 Matter Capacity 300 Sight Range 16 Robot Scan Range 15 Terrain Scan Range 16 Terrain Scan Density 10 Jamming Range 12 Base Temperature (-) 200 Resistance: KI 20 Resistance: TH 20 Resistance: EX 20 Resistance: EM 20 Resistance: I 20 Resistance: S 20 Resistance: P 20 Utility Shielding 33 Evasion (%) 57 Targeting Accuracy 8 Core Analysis 6 Recoil Reduction 3 Offensive Hacking 30 Item Schematics ----------------- None Robot Schematics ------------------ G-34 Mercenary | -10/Materials | Hacked Fabricated ------------ Nothing Alien Tech Used ----------------- None Achievements -------------- None Challenges ------------ None Game ------ Seed AssemblyCargoDatajack Manual? 0 Play Time 01:59:04 Cumulative 77.5 hours Start 2024.04.20 @ 14:55:14 End 2024.04.21 @ 22:19:42 Sessions 3 Manual Loads 0 Difficulty Adventurer Special Mode None Game No. 31 Rogue 0 Adventurer 31 Explorer 0 Win Type - Total 1 Types 1/0/0/0/0/0/0/0/0 Lore% 30 Gallery% 44 Achievement% 39 Wizard Run 0 Options --------- Layout 1 ASCII 0 Keyboard 0 Movement Mouse Keybinds 0 Fullscreen 2 Font 24/Smallcaps Map View 50x35 Zoom Use 0% Tactical HUD 0 Map Filters NONE Filters NONE Steam 1 RUN: 22814012-0b5b-4b44-a3a6-864a15fee720